 Dungeon Crawl Stone Soup version 0.28-a0-79-g444c7a33f5 (webtiles) character file.

Game seed: 8493206334221470635

246725 octoduck the Warrior (level 19, -9/181 HPs)
             Began as a Hill Orc Fighter on July 31, 2021.
             Was an Elder of Beogh.
             Mangled by a spatial maelstrom (10 damage)
             ... on level 3 of the Abyss on Aug 4, 2021.
             The game lasted 04:47:46 (73445 turns).

octoduck the Warrior (Hill Orc Fighter)            Turns: 73445, Time: 04:47:47

Health: -9/181     AC: 30    Str: 31    XL:     19   Next: 51%
Magic:  27/27      EV: 13    Int:  5    God:    Beogh [****..]
Gold:   597        SH: 16    Dex: 14    Spells: 18/18 levels left

rFire   x . .      SeeInvis .   B - +9 war axe (venom)
rCold   + . .      Faith    +   b - +2 kite shield {AC+3}
rNeg    + . .      Spirit   .   g - +7 chain mail {rF+}
rPois   +          Reflect  .   w - +0 helmet of the Black Moon {rF- rN+ Slay+2}
rElec   +          Harm     .   I - +2 cloak of Hedge Wizardry {rC+ Str+3}
rCorr   .          Rampage  .   K - +2 pair of gloves of the Gravedigger {rElec rPois rF-}
Will    ++...                   x - +0 pair of boots
Stlth   ..........              a - amulet of faith
HPRegen 0.40/turn               F - ring of willpower
MPRegen 0.20/turn               t - +6 ring of strength

@: no status effects
A: low mp 1, [deformed body], [dopey 2], [subdued magic 2]
}: 2/15 runes: decaying, serpentine
a: Renounce Religion, Smiting, Recall Orcish Followers


You were on level 3 of the Abyss.
You worshipped Beogh.
Beogh was greatly pleased with you.
You visited 6 branches of the dungeon, and saw 33 of its levels.
You visited the Abyss 2 times.
You also visited: Sewer.

You collected 4218 gold pieces.
You spent 3621 gold pieces at shops.

Inventory:

Hand Weapons
 B - a +9 war axe of venom (weapon)
Missiles
 T - 4 boomerangs of dispersal (quivered)
Armour
 b - a +2 kite shield of protection (worn)
 g - a +7 chain mail of fire resistance (worn)
 w - the +0 helmet of the Black Moon (worn) {rF- rN+ Slay+2}
   (You found it on level 2 of the Swamp)

   Slay:      It affects your accuracy & damage with ranged weapons and melee
   (+2).
   rF:        It makes you vulnerable to fire.
   rN:        It protects you from negative energy.
 x - a +0 pair of boots (worn)
 I - the +2 cloak of Hedge Wizardry (worn) {rC+ Str+3}
   (You found it on level 3 of the Snake Pit)

   Str:       It affects your strength (+3).
   rC:        It protects you from cold.
 K - the +2 pair of gloves of the Gravedigger (worn) {rElec rPois rF-}
   (You bought it in a shop on level 5 of the Dungeon)

   rF:        It makes you vulnerable to fire.
   rElec:     It insulates you from electricity.
   rPois:     It protects you from poison.
Jewellery
 a - an amulet of faith (around neck)
 p - a ring of protection from fire
 t - a +6 ring of strength (right hand)
 F - a ring of willpower (left hand)
 N - a ring of poison resistance
 P - a ring of see invisible
Wands
 h - a wand of polymorph (4)
 o - a wand of flame (58)
 q - a wand of paralysis (45)
 u - a wand of digging (8)
 H - a wand of iceblast (54)
 R - a wand of mindburst (53)
 W - a wand of charming (6)
 X - a wand of acid (5)
Scrolls
 e - 2 scrolls of summoning
 k - 16 scrolls of teleportation
 n - 2 scrolls of fog
 r - 3 scrolls of fear
 y - 2 scrolls of enchant armour
 z - a scroll of magic mapping
 A - 2 scrolls of silence
 D - 8 scrolls of amnesia
 G - 3 scrolls of blinking
 O - 11 scrolls of identify
 V - 4 scrolls of vulnerability
Potions
 d - 5 potions of might
 f - 8 potions of haste
 i - 5 potions of heal wounds
 j - 7 potions of curing
 v - 3 potions of brilliance
 C - 3 potions of magic
 E - 10 potions of flight
 L - 4 potions of berserk rage
 Q - 8 potions of lignification
 S - 2 potions of cancellation
 Y - 2 potions of resistance
Miscellaneous
 c - a piece from Xom's chessboard (15/15)
 m - a tin of tremorstones (2/2)
 s - a phial of floods
 M - a piece from Xom's chessboard (15/15)
 U - a condenser vane
 Z - a box of beasts


   Skills:
 - Level 18.8 Fighting
 - Level 17.6 Axes
 - Level 4.2 Throwing
 - Level 15.4 Armour
 - Level 10.3 Dodging
 + Level 13.5 Shields
 - Level 14.8 Invocations
 + Level 13.2 Evocations


You had 18 spell levels left.
You didn't know any spells.
Your spell library contained the following spells:

 Spells                   Type           Power      Damage    Failure   Level
 Animate Skeleton         Necr           0%         N/A       85%         1
 Beastly Appendage        Tmut           0%         N/A       85%         1
 Foxfire                  Conj/Fire      0%         2x1d4     85%         1
 Pain                     Necr           0%         1d4       85%         1
 Blink                    Tloc           N/A        N/A       94%         2
 Corpse Rot               Necr/Air       N/A        N/A       94%         2
 Slow                     Hex            0%         N/A       94%         2
 Wereblood                Tmut           0%         N/A       94%         2
 Call Canine Familiar     Summ           0%         N/A       99%         3
 Confusing Touch          Hex            0%         N/A       99%         3
 Conjure Flame            Conj/Fire      0%         6-21      99%         3
 Dazzling Flash           Conj/Hex       0%         N/A       99%         3
 Ignite Poison            Fire/Tmut/Pois 0%         N/A       99%         3
 Lesser Beckoning         Tloc           0%         N/A       99%         3
 Ozocubu's Armour         Ice            0%         N/A       99%         3
 Portal Projectile        Hex/Tloc       0%         N/A       99%         3
 Spider Form              Tmut/Pois      0%         N/A       99%         3
 Vampiric Draining        Necr           0%         2d6       99%         3
 Animate Dead             Necr           0%         N/A       100%        4
 Dispel Undead            Necr           0%         3d6       100%        4
 Leda's Liquefaction      Hex/Erth       0%         N/A       100%        4
 Olgreb's Toxic Radiance  Pois           0%         N/A       100%        4
 Sticky Flame             Conj/Fire      0%         2d3       100%        4
 Agony                    Necr           0%         N/A       100%        5
 Alistair's Intoxication  Tmut/Pois      0%         N/A       100%        5
 Blade Hands              Tmut           0%         N/A       100%        5
 Bolt of Magma            Conj/Fire/Erth 0%         4d4       100%        5
 Borgnjor's Vile Clutch   Necr/Erth      0%         N/A       100%        5
 Excruciating Wounds      Necr           0%         N/A       100%        5
 Lee's Rapid Deconstruct  Erth           0%         3d5*      100%        5
 Manifold Assault         Tloc           0%         N/A       100%        5
 Silence                  Hex/Air        0%         N/A       100%        5
 Summon Forest            Summ/Tloc      0%         N/A       100%        5
 Death Channel            Necr           0%         N/A       100%        6
 Eringya's Noxious Bog    Tmut/Pois      0%         N/A       100%        6
 Starburst                Conj/Fire      0%         8x6d3     100%        6
 Statue Form              Tmut/Erth      0%         N/A       100%        6
 Haunt                    Necr/Summ      0%         N/A       100%        7
 Ozocubu's Refrigeration  Ice            0%         4d5       100%        7
 Summon Hydra             Summ           0%         N/A       100%        7
 Ignition                 Fire           0%         3d3       100%        8
 Infestation              Necr           0%         N/A       100%        8


Dungeon Overview and Level Annotations

Branches:
Dungeon (15/15)            Temple (0/1) D:7            Lair (6/6) D:8
  Swamp (4/4) Lair:3        Snake (4/4) Lair:4        Slime (0/5) Lair:5
    Orc (2/2) D:11            Elf (0/3) Orc:2        Vaults (0/5) D:13
 Depths (2/5) D:15          Sewer (visited)

Altars:
Cheibriados
Ru
Vehumet
Beogh
Jiyva

Shops:
D:1 ?   D:3 ?(((   D:5 [   Orc:2 [*(=   Snake:1 ?*(?   Snake:2 :=:

Portals:
Hell: Depths:1
Abyss: Depths:1

Annotations:
D:9 2 transporters
Lair:1 3 runed translucent doors, Zeldest's ghost, novice VSAE; Zonian's ghost, novice GnCj; pkoi's ghost, journeyman DrCj
Lair:2 exclusion: 2 oklob plants


Innate Abilities, Weirdness & Mutations

Your magical capacity is low. (-10% MP)
[Armour fits poorly on your strangely shaped body.]
[You are very dopey. (Int -4)]
[Your spells are easier to cast, but less powerful.]


Message History

Your connection to magic feels subdued.
Your connection to magic feels more subdued.
The naga warrior roars a battlecry!
The naga goes into a battle-frenzy!
The spatial maelstrom closely misses you.
You block the spatial maelstrom's attack.
You hear a shout!
What are your orders? t - Shout!
Orders for allies: a - Attack new target. r - Retreat! s - Stop attacking. g - Guard the area. f - Follow me.
Anything else - Cancel.
You shout for attention!
The spatial maelstrom closely misses you.
You block the spatial maelstrom's attack.
The naga warrior spits poison at you. The splash of poison misses you.
What are your orders? t - Shout!
Orders for allies: a - Attack new target. r - Retreat! s - Stop attacking. g - Guard the area. f - Follow me.
Anything else - Cancel.
You shout for attention!
You block the spatial maelstrom's attack. x2
The wretched star glows turbulently.
The lance of force hits you!!
* * * LOW HITPOINT WARNING * * *
You are knocked back by the lance of force.
You slam into the crystal wall!
What are your orders? t - Shout!
Orders for allies: a - Attack new target. r - Retreat! s - Stop attacking. g - Guard the area. f - Follow me.
Anything else - Cancel.
You shout for attention!
The spatial maelstrom hits you!
You die...

. ### . #.# . . #
###.# ##. .## .# #
...# . .# ##.# ..
#.###..# ... ..# #
#.....####.......#.
.#Nv@#X#N#.#.#.#.#.#.
###.##X#...###.. # #
# ..N#*N.NX. #.# ##.
. #...###S#...##..##
## #.#.##.v##...#.. .
## ###v v.##..###.# #
##.# ....v.......#
...#..##.#...#.#. ##
#......#.#... .##.#


You could see a naga warrior, a spatial maelstrom, a wretched star, a spatial
vortex, a thrashing horror, a guardian serpent and a naga.

Vanquished Creatures
  Mara (Snake:3)
  Vashnia (Snake:3)
  A bone dragon (Abyss:3)
  A tentacled monstrosity (Swamp:3)
  Asterion (Snake:2)
  Gastronok (Lair:3)
  2 thorn hunters
  Agnes (D:14)
  4 fenstrider witches
  Donald (Orc:1)
  7 nagarajas
  A frost giant (D:15)
  Louise (Snake:4)
  An orc warlord (Orc:1)
  2 ghouls (Swamp:4)
  A very ugly thing (D:15)
  A stone giant (Depths:1)
  A bunyip (Swamp:3)
  Snorg (Lair:5)
  An eleionoma (Swamp:4)
  2 fire dragons (D:15)
  A shambling mangrove (Swamp:2)
  A green death (Abyss:3)
  Josephine (D:11)
  2 ice dragons
  A vault guard (D:13)
  9 hydras
  4 salamander tyrants
  12 naga warriors
  A ghost crab (Swamp:3)
  A catoblepas (D:13)
  2 two-headed ogres (D:12)
  3 boulder beetles
  An ogre mage (D:15)
  3 tengu warriors (Depths:1)
  5 anacondas
  5 alligators
  A deep troll earth mage (Depths:1)
  3 death yaks (Lair:5)
  2 thrashing horrors
  7 shock serpents
  7 naga sharpshooters
  2 orc high priests (Orc:2)
  8 spriggans
  A wretched star (Abyss:3)
  4 salamander mystics
  A sixfirhy (Swamp:3)
  6 spriggan druids (Swamp:4)
  The ghost of Nausicaa the Grappler, a novice TrDe of Xom (D:7)
  4 naga ritualists
  2 bog bodies
  4 wizards (Swamp:4)
  3 deep trolls (Depths:1)
  8 mana vipers
  A deep elf zephyrmancer (Swamp:4)
  A deep elf pyromancer (D:13)
  A glowing orange brain (Depths:1)
  3 necromancers
  3 orc sorcerers
  A cyclops (D:13)
  14 ugly things
  A manticore (D:11)
  2 will-o-the-wisps (Swamp:4)
  16 salamanders
  2 elephants (Lair:6)
  26 black mambas
  2 smoke demons (Abyss:3)
  3 guardian serpents
  An apocalypse crab (Abyss:2)
  11 naga magi
  Maurice (D:12)
  10 cane toads
  5 orange demons
  A cane toad (shapeshifter) (D:15)
  An ice statue (Lair:6)
  A gargoyle (D:12)
  2 unseen horrors
  Maggie (D:9)
  2 rime drakes
  2 kobold demonologists
  A demonic crawler (Abyss:3)
  5 komodo dragons
  2 hellwings (Swamp:4)
  An ancient zyme (Abyss:3)
  A tengu conjurer (Depths:1)
  Grinder (D:3)
  9 hornets
  2 bloated husks
  2 polar bears
  13 blink frogs
  7 trolls
  4 raiju
  5 tyrant leeches
  7 slime creatures
  Sigmund (D:4)
  2 shadows
  A wyvern (Lair:6)
  8 basilisks
  3 large abominations
  9 wraiths
  A neqoxec (Abyss:2)
  A small abomination (Abyss:2)
  39 yaks
  9 humans (D:13)
  2 steam dragons (D:10)
  8 vampire mosquitoes
  6 wargs
  11 swamp worms
  Edmund (D:5)
  2 acid dragons
  37 nagas
  10 water moccasins
  10 orc warriors
  A swamp drake (Swamp:3)
  7 ice beasts
  3 black bears
  2 sky beasts
  A necrophage (D:6)
  3 boggarts (Lair:6)
  9 ogres
  8 centaurs
  26 wolves
  A phantom (D:4)
  3 kobold brigands
  Blork the orc (D:4)
  10 bullfrogs
  3 scorpions
  A cane toad simulacrum (Abyss:3)
  A water moccasin skeleton (D:4)
  3 killer bees (D:10)
  10 wights
  5 howler monkeys
  3 starcursed masses (Abyss:3)
  6 centaur zombies
  3 hounds
  A jelly (D:4)
  A centaur skeleton (D:7)
  6 orc priests
  2 bullfrog skeletons (D:6)
  2 iguanas (D:4)
  A scorpion zombie (D:5)
  11 orc wizards
  A killer bee zombie (D:5)
  A hound skeleton (D:5)
  19 adders
  10 gnolls
  3 white imps
  An ufetubus (Abyss:3)
  4 worms
  An adder skeleton (D:4)
  4 dart slugs
  32 orcs
  6 endoplasms
  8 giant cockroaches
  4 goblins
  5 hobgoblins
  10 jackals
  13 kobolds
  3 quokkas (Sewer)
  6 ball pythons
  3 bats
  7 frilled lizards
  A rat (D:2)
  3 briar patches (Swamp:1)
763 creatures vanquished.

Vanquished Creatures (collateral kills)
  2 tentacled monstrosities
  A lich (Depths:1)
  A sphinx (Depths:1)
  A fenstrider witch (Swamp:3)
  A frost giant (Depths:1)
  8 nagarajas
  Aizul (Snake:2)
  2 orc warlords
  4 ghouls (Swamp:4)
  A very ugly thing (D:15)
  2 stone giants (D:15)
  A spark wasp (Depths:1)
  A blizzard demon (Swamp:3)
  2 bunyips (Swamp:4)
  An eleionoma (Swamp:4)
  A green death (Swamp:4)
  A shambling mangrove (Swamp:4)
  8 hydras
  5 naga warriors
  A great orb of eyes (Depths:1)
  A rakshasa (D:15)
  2 centaur warriors (D:13)
  A salamander tyrant (Snake:4)
  9 alligators
  An anaconda (Snake:2)
  5 two-headed ogres (D:15)
  2 orc high priests
  A soul eater (Swamp:3)
  A spriggan berserker (Swamp:1)
  An iron troll (Depths:1)
  A sixfirhy (Swamp:4)
  A titan skeleton (Depths:1)
  A salamander mystic (Snake:2)
  A spriggan druid (Swamp:3)
  A swamp dragon (Swamp:2)
  2 goliath frogs
  A wizard (D:13)
  4 bog bodies
  A naga ritualist (Snake:4)
  4 orc knights
  3 orc sorcerers
  14 ugly things
  4 manticores
  A frost giant zombie (Depths:1)
  A will-o-the-wisp (Swamp:4)
  3 cyclopes
  A deep elf pyromancer (D:15)
  3 salamanders
  3 elephants (Lair:6)
  A cane toad (Lair:5)
  4 guardian serpents
  3 naga magi
  A storm dragon simulacrum (Depths:1)
  5 black mambas
  A gargoyle (D:7)
  2 orange demons (Swamp:4)
  A rime drake (Lair:6)
  A kobold demonologist (D:14)
  A freezing wraith (Lair:6)
  2 komodo dragons (Lair:5)
  A tengu conjurer (Depths:1)
  5 hellwings
  4 polar bears (Lair:6)
  2 tyrant leeches
  4 hornets
  4 trolls
  9 blink frogs (Lair:6)
  A frost giant simulacrum (Depths:1)
  9 slime creatures
  13 spriggans
  9 yaks
  2 basilisks
  10 humans (D:13)
  4 vampire mosquitoes
  A neqoxec (Swamp:3)
  A warg (Orc:1)
  2 nagas (Snake:4)
  3 swamp worms
  3 water moccasins
  11 orc warriors
  4 ice beasts (Lair:6)
  A tengu skeleton (Depths:1)
  2 black bears
  4 ogres
  16 wolves
  3 centaurs (D:13)
  A kobold brigand (D:14)
  A gnoll sergeant (D:13)
  A bullfrog (Lair:5)
  2 wights (D:7)
  4 orc priests
  A gnoll (D:13)
  A white imp (Lair:6)
  4 orcs
  A kobold (D:14)
  8 briar patches
  A bush (Lair:6)
  A fungus (Orc:2)
295 creatures vanquished.

Vanquished Creatures (others)
  7 orc knights
  An orc sorcerer (Orc:2)
  10 orc priests
  An ancient zyme (Abyss:3)
  2 bloated husks
  A spriggan (Swamp:4)
  13 orc warriors
  9 orc wizards
  30 orcs
  21 foxfires (Swamp:4)
  69 fungi
  49 plants
  4 withered plants (Lair:1)
217 creatures vanquished.

Grand Total: 1275 creatures vanquished

Notes
Turn   | Place    | Note
-------+----------+-------------------------------------------
     0 | D:1      | octoduck the Hill Orc Fighter began the quest for the Orb.
     0 | D:1      | Reached XP level 1. HP: 19/19 MP: 1/1
    65 | D:1      | Found Xein's Magic Scroll Shop.
   354 | D:1      | Reached XP level 2. HP: 26/26 MP: 2/2
   690 | D:1      | Found a faded altar of an unknown god.
  1105 | D:2      | Noticed a black bear
  1223 | D:2      | Reached XP level 3. HP: 31/31 MP: 3/3
  1432 | D:2      | Reached skill level 5 in Axes
  1479 | D:2      | Noticed a scorpion
  2055 | D:2      | Reached XP level 4. HP: 39/39 MP: 4/4
  2365 | D:3      | Noticed Grinder
  2434 | D:3      | Found Mugusim's Weapon Shop.
  2446 | D:2      | Killed a scorpion
  2447 | D:2      | Reached XP level 5. HP: 41/45 MP: 5/5
  2540 | D:3      | Found Befisung's Antique Weapon Shoppe.
  2546 | D:3      | Found Cuhac's Magic Scroll Boutique.
  2560 | D:3      | Bought a scroll of teleportation for 30 gold pieces
  2560 | D:3      | Bought a scroll of identify for 20 gold pieces
  2560 | D:3      | Bought a scroll of identify for 20 gold pieces
  2560 | D:3      | Bought a scroll of identify for 20 gold pieces
  2613 | D:3      | Found a glowing drain.
  2666 | Sewer    | Entered a sewer
  2846 | Sewer    | Reached XP level 6. HP: 48/51 MP: 6/6
  2950 | Sewer    | Identified the +0 pair of gloves "Aqiohita" {Harm rCorr}
  3092 | D:3      | Found Oqadubos's Antique Weapon Shop.
  3567 | D:2      | Killed a black bear
  3568 | D:2      | Reached XP level 7. HP: 50/57 MP: 7/7
  3938 | D:4      | Reached skill level 10 in Axes
  4082 | D:4      | Noticed Blork the orc
  4097 | D:4      | Killed Blork the orc
  4321 | D:4      | Identified the +9 spear of Tehi {vorpal, Fly Str+3}
  4488 | D:4      | Noticed Sigmund
  4725 | D:5      | Entered Level 5 of the Dungeon
  4753 | D:5      | Noticed Edmund
  4793 | D:5      | Killed Edmund
  4794 | D:5      | Reached XP level 8. HP: 45/64 MP: 8/8
  6589 | D:3      | Paralysed by Grinder for 2 turns
  6607 | D:3      | Paralysed by Grinder for 5 turns
  6613 | D:3      | Killed Grinder
  6614 | D:3      | Reached XP level 9. HP: 54/70 MP: 9/9
  6718 | D:4      | Killed Sigmund
  6940 | D:5      | Became a worshipper of Beogh the Brigand
  7116 | D:5      | Found Quteotwuck's Antique Armour Shop.
  7385 | D:5      | Upgraded the game from 0.28-a0-60-g54b5640690 to
                  | 0.28-a0-69-g49dcd67cf8
  7803 | D:6      | Reached skill level 15 in Axes
  8874 | D:7      | Noticed a gargoyle
  8897 | D:7      | Killed a gargoyle
  9340 | D:7      | Found a runed translucent gate.
  9340 | D:7      | Found a runed translucent gate.
  9340 | D:7      | Found a runed translucent gate.
  9359 | D:7      | Reached * piety under Beogh
  9408 | D:7      | Found a staircase to the Ecumenical Temple.
  9557 | D:6      | Identified a scroll of acquirement
  9557 | D:6      | Acquired a manual of Armour
  9588 | D:7      | Noticed Nausicaa's ghost (novice TrDe)
  9640 | D:7      | Reached skill level 5 in Armour
 10000 | D:7      | Found a radiant altar of Vehumet.
 10305 | D:8      | Reached XP level 10. HP: 78/78 MP: 10/10
 10339 | D:8      | Found a staircase to the Lair.
 10537 | D:8      | Reached skill level 4 in Fighting
 10653 | D:8      | Reached skill level 5 in Fighting
 10752 | D:8      | Reached skill level 6 in Fighting
 11013 | D:9      | Found a transporter.
 11059 | D:9      | Reached ** piety under Beogh
 11395 | D:9      | Reached skill level 7 in Fighting
 11398 | D:9      | Reached skill level 10 in Armour
 11768 | D:9      | Noticed Maggie
 11791 | D:9      | Killed Maggie
 11888 | D:9      | Noticed a kobold demonologist
 11924 | D:9      | Noticed a rust devil
 11925 | D:9      | Noticed a rust devil
 11926 | D:9      | Killed a kobold demonologist
 12081 | D:9      | Reached XP level 11. HP: 92/92 MP: 13/13
 12127 | D:9      | Found a transporter.
 12324 | D:10     | Entered Level 10 of the Dungeon
 12429 | D:10     | You fall into a shaft and drop 3 floors!
 12477 | D:12     | Noticed Maurice
 12886 | D:13     | Reached skill level 5 in Invocations
 13179 | D:11     | Noticed a manticore
 13258 | D:11     | Noticed an ice dragon
 13987 | D:10     | Reached *** piety under Beogh
 14491 | D:11     | Noticed Josephine
 14509 | D:11     | Killed Josephine
 14910 | D:11     | Reached skill level 8 in Fighting
 15027 | D:11     | Found a staircase to the Orcish Mines.
 15113 | D:11     | Reached skill level 5 in Shields
 15219 | D:11     | Killed a manticore
 15439 | D:11     | Reached skill level 9 in Fighting
 15918 | D:11     | Killed an ice dragon
 15919 | D:11     | Reached XP level 12. HP: 31/104 MP: 18/18
 16462 | D:12     | Noticed a boulder beetle
 16552 | D:12     | Noticed a two-headed ogre
 16562 | D:12     | Killed a two-headed ogre
 16669 | D:12     | Reached skill level 10 in Fighting
 17054 | D:12     | Noticed an eight-headed hydra
 17363 | Lair:1   | Entered Level 1 of the Lair of Beasts
 17892 | Lair:1   | Found a runed translucent gate.
 17892 | Lair:1   | Found a runed translucent gate.
 17892 | Lair:1   | Found a runed translucent gate.
 17981 | Lair:1   | Noticed a five-headed hydra
 18208 | Lair:1   | Killed a five-headed hydra
 18208 | Lair:1   | Reached **** piety under Beogh
 18209 | Lair:1   | Reached skill level 11 in Fighting
 18410 | Lair:1   | Noticed a six-headed hydra
 18979 | D:7      | Killed Nausicaa's ghost
 19116 | D:8      | Killed a six-headed hydra
 19789 | Lair:1   | Noticed pkoi's ghost (journeyman DrCj)
 19840 | Lair:1   | Noticed Zonian's ghost (novice GnCj)
 19842 | Lair:1   | Noticed Zeldest's ghost (novice VSAE)
 20026 | Lair:2   | Reached skill level 1 in Dodging
 20411 | Lair:2   | Noticed an eight-headed hydra
 20685 | Lair:1   | Killed an eight-headed hydra
 20686 | Lair:1   | Reached XP level 13. HP: 46/117 MP: 19/19
 21328 | Lair:3   | Reached skill level 10 in Shields
 21548 | Lair:3   | Noticed Gastronok
 21568 | Lair:3   | Killed Gastronok
 22032 | Lair:3   | Found a staircase to the Swamp.
 23024 | Lair:4   | Reached skill level 5 in Dodging
 23077 | Lair:4   | Found a staircase to the Snake Pit.
 23201 | Lair:4   | Reached skill level 12 in Fighting
 23202 | Lair:4   | Reached ***** piety under Beogh
 23249 | Lair:4   | Gained Morguth as an ally
 23565 | Lair:5   | You fall into a shaft and drop 1 floor!
 23565 | Lair:6   | Entered Level 6 of the Lair of Beasts
 23759 | Lair:5   | Your ally Morguth died
 23762 | Lair:5   | Gained Horkud as an ally
 24146 | Lair:5   | Found a viscous altar of Jiyva.
 24147 | Lair:5   | Found a staircase to the Slime Pits.
 24376 | Lair:5   | Gained Zartorak as an ally
 24407 | Lair:5   | Noticed Snorg
 24416 | Lair:5   | Killed Snorg
 24417 | Lair:5   | Reached skill level 13 in Fighting
 24768 | Lair:6   | Your ally Zartorak died
 25127 | D:3      | Bought a glowing morningstar for 140 gold pieces
 25127 | D:3      | Bought a glowing war axe for 130 gold pieces
 25547 | Lair:6   | Reached XP level 14. HP: 129/129 MP: 20/20
 25567 | Lair:6   | Gained Norbak as an ally
 26098 | Lair:6   | Reached skill level 14 in Fighting
 26291 | Lair:6   | Reached ****** piety under Beogh
 26733 | Lair:6   | Identified the +8 mace "Lafioru" {drain, rElec rN+ rCorr}
 26735 | Lair:6   | Identified the +5 short sword of Woothuc {vorpal, *Noise
                  | rPois rCorr Int+2}
 27132 | Lair:6   | Your ally Norbak died
 27610 | Orc:1    | Entered Level 1 of the Orcish Mines
 27610 | Orc:1    | Noticed an orc warlord
 27616 | Orc:1    | Killed an orc warlord
 28082 | Orc:1    | Reached skill level 15 in Fighting
 28652 | Orc:1    | Found a roughly hewn altar of Beogh.
 28652 | Orc:1    | Gained Bladwarg as an ally
 28841 | Orc:2    | Entered Level 2 of the Orcish Mines
 28841 | Orc:2    | Noticed Donald
 29207 | Orc:1    | Killed Donald
 29207 | Orc:1    | Gained Orik as an ally
 29212 | Orc:1    | Your ally Orik died
 29678 | Orc:2    | Paralysed by an orc sorcerer for 6 turns
 29818 | Orc:2    | Found Jydwigon's Antique Weapon Emporium.
 29845 | Orc:2    | Noticed an orc warlord
 29851 | Orc:2    | Your ally Bladwarg died
 29853 | Orc:2    | Killed an orc warlord
 30447 | Orc:2    | Found Umaew's General Store.
 30469 | Orc:2    | Reached XP level 15. HP: 122/141 MP: 21/21
 30518 | Orc:2    | Noticed an orc warlord
 30531 | Orc:1    | Killed an orc warlord
 31157 | Orc:2    | Found Ihienyerph's Antique Armour Shop.
 31688 | Orc:2    | Found Pohy's Jewellery Boutique.
 32005 | Orc:2    | Found a staircase to the Elven Halls.
 32913 | D:12     | Killed Maurice
 32914 | D:12     | Reached skill level 10 in Dodging
 34894 | D:13     | Acquired the amulet of Nuenutt {Spirit rPois rC+ Dex+3}
 35047 | D:13     | Reached skill level 1 in Evocations
 35894 | D:13     | Reached skill level 10 in Invocations
 36020 | D:13     | Found a gate to the Vaults.
 37181 | D:14     | Identified the +0 ring mail "Zisov" {Int+6}
 37629 | D:14     | Noticed Agnes
 37643 | D:14     | Killed Agnes
 38445 | D:14     | Reached skill level 5 in Evocations
 39074 | D:15     | Entered Level 15 of the Dungeon
 39712 | D:15     | Found a staircase to the Depths.
 40343 | D:15     | Your ally Horkud died
 41279 | D:15     | Reached XP level 16. HP: 131/151 MP: 24/24
 41387 | D:15     | Found a sacrificial altar of Ru.
 41759 | Swamp:1  | Entered Level 1 of the Swamp
 42467 | Swamp:1  | Noticed a fenstrider witch
 42481 | Swamp:1  | Killed a fenstrider witch
 42482 | Swamp:1  | HP: 7/151 [poisoned by a fenstrider witch (toxic sludge)]
 42924 | Swamp:1  | Noticed a thorn hunter
 42936 | Swamp:1  | Killed a thorn hunter
 43183 | Swamp:1  | Identified the +1 quarterstaff of Deflation {flame, +Rage
                  | Str+2 Stlth+}
 43218 | Swamp:1  | Gained Dorog as an ally
 44430 | Swamp:2  | Identified the +0 helmet of the Black Moon {rF- rN+ Slay+2}
 46351 | Swamp:3  | Noticed a tentacled monstrosity
 46408 | Swamp:3  | Killed a tentacled monstrosity
 46597 | Swamp:3  | Gained Garbold as an ally
 46763 | Swamp:3  | Reached skill level 10 in Evocations
 47033 | Swamp:4  | Entered Level 4 of the Swamp
 47047 | Swamp:4  | Gained Learuk as an ally
 47748 | Swamp:4  | Noticed a tentacled monstrosity
 47764 | Swamp:3  | Killed a tentacled monstrosity
 48594 | D:3      | Bought the +6 falchion "Sihuastryr" {freeze, Fragile rN++
                  | MP+9 Str+2} for 704 gold pieces
 49118 | Swamp:4  | Noticed a fenstrider witch
 49124 | Swamp:4  | Paralysed by a fenstrider witch for 4 turns
 49136 | Swamp:3  | Killed a fenstrider witch
 49345 | Swamp:4  | Cast into level 2 of the Abyss (a wizard)
 49375 | Abyss:2  | Reached skill level 1 in Throwing
 49394 | Abyss:2  | Found a corrupted altar of Lugonu.
 49442 | Abyss:2  | Gained mutation: Your magical capacity is low. (-10% MP) [a
                  | neqoxec]
 49735 | Swamp:4  | Escaped the Abyss
 49738 | Swamp:4  | Reached XP level 17. HP: 77/158 MP: 17/24
 50050 | Swamp:4  | Noticed a tentacled monstrosity
 50057 | Swamp:4  | Killed a tentacled monstrosity
 50847 | Swamp:4  | Upgraded the game from 0.28-a0-69-g49dcd67cf8 to
                  | 0.28-a0-71-g84acfa7270
 51153 | Depths:1 | Entered Level 1 of the Depths
 51502 | D:15     | Reached skill level 16 in Fighting
 53161 | Depths:1 | Noticed a lich
 53309 | Depths:1 | Noticed a sphinx
 53313 | Depths:1 | Killed a sphinx
 53317 | Depths:1 | Killed a lich
 53328 | Depths:1 | Gained Gorg as an ally
 53646 | Depths:1 | Found a gateway to Hell.
 53783 | Depths:1 | Found a one-way gate to the infinite horrors of the Abyss.
 54715 | Swamp:4  | Paralysed by a fenstrider witch for 2 turns
 55141 | Swamp:4  | Paralysed by a fenstrider witch for 4 turns
 55789 | Swamp:4  | Got a decaying rune of Zot
 56107 | Snake:1  | Entered Level 1 of the Snake Pit
 56184 | Snake:1  | Reached skill level 17 in Fighting
 56472 | Snake:1  | Found Oddy's Magic Scroll Boutique.
 56473 | Snake:1  | You fall into a shaft and drop 1 floor!
 56473 | Snake:2  | Found Hawam's Book Emporium.
 56473 | Snake:2  | Found Fadoepel's Book Emporium.
 56473 | Snake:2  | Found Rirriz's Jewellery Boutique.
 56489 | Snake:2  | Bought a ring of protection from fire for 475 gold pieces
 57005 | Snake:1  | Got the Incunabulum of the Fiery Rocks
 58030 | Snake:1  | Bought a scroll of magic mapping for 52 gold pieces
 58030 | Snake:1  | Bought a scroll of teleportation for 45 gold pieces
 58030 | Snake:1  | Bought a scroll of enchant weapon for 112 gold pieces
 58030 | Snake:1  | Bought a scroll of brand weapon for 300 gold pieces
 58284 | Orc:2    | Bought a runed kite shield for 202 gold pieces
 58575 | Snake:1  | Found Nelelaenn's General Store.
 58580 | Snake:1  | Found Teamul's Weapon Boutique.
 58600 | Snake:1  | Bought a potion of berserk rage for 85 gold pieces
 58600 | Snake:1  | Bought a piece from Xom's chessboard (15/15) for 340 gold
                  | pieces
 58600 | Snake:1  | Bought a condenser vane for 680 gold pieces
 58610 | Snake:1  | Found Tell's Magic Scroll Shop.
 58826 | D:5      | Bought a pair of slimy gloves for 266 gold pieces
 58826 | D:5      | Identified the +2 pair of gloves of the Gravedigger {rElec
                  | rPois rF-} (You bought it in a shop on level 5 of the
                  | Dungeon)
 59150 | Snake:1  | Identified the +1 robe of the Pleiades {Rampage MP+9 Str-5}
 59384 | Snake:2  | Noticed Asterion
 59887 | Snake:2  | Killed Asterion
 59888 | Snake:2  | Reached XP level 18. HP: 170/170 MP: 16/26
 60123 | Snake:2  | Found a snail-covered altar of Cheibriados.
 60975 | Snake:2  | Upgraded the game from 0.28-a0-71-g84acfa7270 to
                  | 0.28-a0-79-g444c7a33f5
 61429 | Snake:3  | Noticed Mara
 61431 | Snake:3  | Noticed octoduck's illusion
 61707 | Snake:3  | Reached skill level 18 in Fighting
 61741 | Snake:3  | Identified the +2 cloak of Hedge Wizardry {rC+ Str+3}
 63377 | Snake:3  | Noticed octoduck's illusion
 64099 | Snake:3  | Noticed Vashnia
 64134 | Snake:3  | Reached skill level 15 in Armour
 64140 | Snake:3  | Noticed Aizul
 64198 | Snake:2  | Killed Aizul
 65262 | Snake:3  | Killed Mara
 65309 | Snake:3  | Killed Vashnia
 65558 | Snake:4  | Entered Level 4 of the Snake Pit
 69001 | Snake:3  | Reached XP level 19. HP: 180/181 MP: 27/27
 69148 | Snake:4  | Noticed Louise
 69195 | Snake:4  | Killed Louise
 70906 | Snake:4  | Got a serpentine rune of Zot
 71398 | Snake:4  | Identified the +6 mace "Qonog" {vorpal, rElec Will+ Int+3}
 72923 | Depths:2 | Identified the +2 rapier "Agob" {venom, *Slow rC+ MP+9}
 72939 | Depths:2 | Cast into level 2 of the Abyss (a wizard)
 72981 | Abyss:3  | Found a corrupted altar of Lugonu.
 73040 | Abyss:3  | Found a shimmering blue altar of Sif Muna.
 73077 | Abyss:3  | Found a broken altar of Ashenzari.
 73080 | Abyss:3  | Noticed a bone dragon
 73088 | Abyss:3  | Killed a bone dragon
 73197 | Abyss:3  | Found a blossoming altar of Fedhas.
 73197 | Abyss:3  | Found a stormy altar of Qazlal.
 73197 | Abyss:3  | Found a snail-covered altar of Cheibriados.
 73197 | Abyss:3  | Found an iron altar of Okawaru.
 73197 | Abyss:3  | Found a sparkling altar of Nemelex Xobeh.
 73197 | Abyss:3  | Found a basalt altar of Yredelemnul.
 73198 | Abyss:3  | Found a shadowy altar of Dithmenos.
 73198 | Abyss:3  | Found an ancient bone altar of Kikubaaqudgha.
 73198 | Abyss:3  | Found an ornate altar of the Wu Jian Council.
 73198 | Abyss:3  | Found a white marble altar of Elyvilon.
 73198 | Abyss:3  | Found a glowing silver altar of Zin.
 73202 | Abyss:3  | Found a broken altar of Ashenzari.
 73202 | Abyss:3  | Found a glowing golden altar of the Shining One.
 73202 | Abyss:3  | Found an opulent altar of Gozag.
 73204 | Abyss:3  | Found a shimmering blue altar of Sif Muna.
 73204 | Abyss:3  | Found a hide-covered altar of Uskayaw.
 73204 | Abyss:3  | Found a hazy altar of Hepliaklqana.
 73204 | Abyss:3  | Found a bloodstained altar of Trog.
 73206 | Abyss:3  | Found a bloodstained altar of Trog.
 73206 | Abyss:3  | Found a burning altar of Makhleb.
 73206 | Abyss:3  | Found a shimmering altar of Xom.
 73214 | Abyss:3  | Found a blossoming altar of Fedhas.
 73444 | Abyss:3  | HP: 1/181 [wretched star/lance of force (19)]
 73445 | Abyss:3  | Mangled by a spatial maelstrom

Illustrated notes

Levels and vault maps discovered:
D:1:      dpeg_arrival_windows_large_door, layout_loops_cross,
          ebering_ecumenical_altar_box, serial_shops, shop
D:2:      minmay_alternating_diamond, layout_loops_ring
D:3:      layout_loops_ring, serial_shops, nicolae_shop_trees,
          nicolae_shop_stone, shop, shop, gup_sewer_entry_glass, st_stairs_9,
          minmay_misc_feat_columns, glass_columns_b, minmay_misc_feat_tower,
          uniq_grinder
D:4:      minmay_inner_zag, layout_rooms, uniq_sigmund, uniq_blork_the_orc
D:5:      layout_basic, serial_shops, nicolae_shop_trees, feat_on_display,
          uniq_edmund
D:6:      layout_basic
D:7:      layout_rooms, fiery_altar_vehumet, minmay_temple_entry_stoned_glass,
          gammafunk_ghost_split
D:8:      layout_basic, dpeg_oklobed_lair
D:9:      gammafunk_cloud_chamber, layout_irregular_city, serial_column_ruins,
          column_ruins_hut_water, column_ruins_open_medium, column_ruins_grid_2,
          column_ruins_corridor_T, column_ruins_columns_corner,
          column_ruins_grid_1, column_ruins_open_small_water,
          minmay_misc_feat_square, uniq_maggie
D:10:     layout_loops_ring
D:11:     dragon1_lemuel, layout_basic, orc_0_dummy, uniq_josephine
D:12:     layout_basic, kennysheep_generic_room_16, uniq_maurice
D:13:     layout_gridville, grunt_vaults_entry_tiered, serial_co_window_serial,
          co_window_cross_1, co_window_paths_b, co_window_paths_a,
          co_window_paths_a, co_window_paths_b, co_window_corner_a,
          co_window_corner_ca, co_window_corner_b, co_window_unsneaky_path_a,
          co_window_4corner_b, co_window_sun, glass_columns_b, glass_columns_b,
          glass_columns_a, glass_columns_a
D:14:     layout_basic, hex_intersection, uniq_agnes
D:15:     grunt_enter_depths_hoard, layout_grid_maze, hangedman_decor_push,
          nicolae_ru_sacrificial_ziggurat
Lair:1:   layout_regular_city, gammafunk_ghost_cemetery,
          nicolae_quartered_pool_little, nicolae_lair_grove_arrangements,
          st_stairs_13
Lair:2:   layout_chaotic_city, minmay_lair_oklob_chamber
Lair:3:   layout_misc_corridors, minmay_swamp_entry_worms, uniq_gastronok
Lair:4:   layout_gridlike, minmay_snake_entry_guardpost_medium,
          gauntlet_entry_generic
Lair:5:   layout_concentric_octagons, slime_altar_1, grunt_megastairs_3,
          uniq_snorg
Lair:6:   minmay_lair_end_enchanted_forest, layout_loops_ring, ice2_lemuel
Swamp:1:  layout_falls_marsh, evilmike_swamp_ruin_house_1, swamp_pool2,
          nicolae_swamp_well_well_well
Swamp:2:  layout_falls_marsh, hangedman_swamp_cone
Swamp:3:  layout_basic_swamp, hangedman_swamp_ruin_wall
Swamp:4:  nzn_swamp_witches_coven, layout_basic_swamp
Snake:1:  layout_rooms, serial_shops, shop, nicolae_snake_serpentine_bazaar
Snake:2:  layout_basic, portal_ice_cave_entry_ugly_swarm, basic_altar,
          minmay_shop_grove, uniq_asterion
Snake:3:  layout_cave_town, nicolae_snake_mages_go_home, lemuel_fruit_tree,
          uniq_vashnia, uniq_aizul, uniq_mara
Snake:4:  grunt_snake_rune_spirals, layout_onion, st_stairs_6, uniq_louise
Orc:1:    layout_diamond_mine, minmay_orc_temple_b
Orc:2:    grunt_orc_gardens, layout_diamond_mine, grunt_orc_garden,
          grunt_orc_garden, grunt_orc_garden, grunt_orc_garden, uniq_donald
Depths:1: layout_honeycomb, pf_vacation_house_of_asmodeus, abyss_entry_crystal,
          grunt_decor_arrowhead, st_stairs_9, kennysheep_generic_room_6
Depths:2: kennysheep_four_of_diamonds, layout_gridville, abyss_entry,
          serial_bayou_pond_d, grunt_metal_band, infiniplex_staircase_zigzag_1
Abyss:3:  base: D:1, hangedman_abyss_rune_macabre_mess,
          hangedman_abyss_batty_box, abyss_greek_temple

Skill      XL: |  1  2  3  4  5  6  7  8  9 10 11 12 13 14 15 16 17 18 19 |
---------------+----------------------------------------------------------+-----
Axes           | 3 4 5 7 8 9 11 14 16 17 | 17.6
Armour         | 6 11 13 15 | 15.4
Fighting       | 7 9 11 13 15 17 18 | 18.8
Invocations    | 3 8 11 14 | 14.8
Shields        | 5 9 11 12 13 | 13.5
Dodging        | 2 6 9 10 | 10.3
Evocations     | 7 11 12 13 | 13.2
Throwing       | 2 4 |  4.2

Action                   |  1- 3 |  4- 6 |  7- 9 | 10-12 | 13-15 | 16-18 | 19-21 || total
-------------------------+-------+-------+-------+-------+-------+-------+-------++-------
Melee: War axe           |    95 |   157 |   337 |   506 |   790 |  1011 |   195 ||  3091
       Mace              |       |       |       |    19 |    13 |     3 |       ||    35
Invok: Convert to Beogh  |       |       |     1 |       |       |       |       ||     1
       Smiting           |       |       |       |     3 |    23 |    43 |    15 ||    84
       Recall Orcish Fol |       |       |       |       |     4 |    39 |     3 ||    46
       Give Item to Name |       |       |       |       |     2 |     4 |       ||     6
       Resurrection      |       |       |       |       |     1 |       |       ||     1
       Stop Recall       |       |       |       |       |       |    10 |       ||    10
Evoke: Wand              |       |       |       |    21 |    15 |    39 |     5 ||    80
       Box of beasts     |       |       |       |       |       |     1 |       ||     1
  Use: Scroll            |       |    10 |    14 |    13 |     4 |    10 |     2 ||    53
       Potion            |       |       |     1 |     4 |     1 |     2 |     5 ||    13
 Stab: Distracted        |       |       |       |       |    10 |     4 |     1 ||    15
Armor: Scale mail        |    42 |    71 |    99 |    21 |       |       |       ||   233
       Skin              |       |       |     8 |    12 |       |       |       ||    20
       Chain mail        |       |       |       |   292 |   279 |   465 |   127 ||  1163
Dodge: Dodged            |    27 |    56 |    68 |   127 |   268 |   391 |    79 ||  1016
Block: Kite shield       |    34 |   100 |   164 |   358 |   572 |   766 |   184 ||  2178

Table legend: (Time is in decaauts)
 A = Elapsed time spent in this place.
 B = Non-inter-level travel time spent in this place.
 C = Inter-level travel time spent in this place.
 D = Time resting spent in this place.
 E = Time spent auto-exploring this place.
 F = Levels seen in this place.
 G = Mean time per level.
                   A        B        C        D        E       F      G
               +--------+--------+--------+--------+--------+-----+--------+
         Total |  73413 |  63957 |   9456 |  27303 |  14551 |  37 | 1984.1 |
       Dungeon |  30220 |  25755 |   4465 |   9583 |   7206 |  15 | 2014.7 |
          Lair |  10263 |   8626 |   1637 |   2688 |   3257 |   6 | 1710.5 |
         Swamp |   9345 |   8507 |    838 |   4958 |    838 |   4 | 2336.2 |
     Snake Pit |  14935 |  13162 |   1773 |   7354 |   2221 |   4 | 3733.8 |
  Orcish Mines |   5175 |   4605 |    570 |   1669 |    406 |   2 | 2587.5 |
        Depths |   2128 |   1956 |    172 |    662 |    616 |   2 | 1064.0 |
         Abyss |    871 |    871 |      0 |    273 |      0 |   3 |  290.3 |
         Sewer |    473 |    473 |      0 |    114 |      5 |   1 |  473.0 |
               +--------+--------+--------+--------+--------+-----+--------+

Top non-repeatable levels by time:
 Snake:3: 5261 daAuts
 Snake:2: 3867 daAuts
    D:13: 3860 daAuts
 Snake:4: 3838 daAuts
    D:15: 3489 daAuts
 Swamp:3: 3315 daAuts
   Orc:1: 3193 daAuts
    D:11: 2865 daAuts
    D:14: 2438 daAuts
 Swamp:1: 2231 daAuts
 Swamp:2: 2198 daAuts
  Lair:1: 2126 daAuts
     D:5: 2084 daAuts
Depths:1: 2045 daAuts
   Orc:2: 1982 daAuts
